 Dungeon Crawl Stone Soup version 0.22.1-2-g9c5b331 (webtiles) character file.

128957 nightchill the Severer (level 16, -7/152 HPs)
             Began as a Minotaur Berserker on Nov 12, 2018.
             Was an Elder of Trog.
             Mangled by an Executioner (19 damage)
             ... summoned by a deep elf demonologist
             ... on level 1 of the Elven Halls.
             The game lasted 01:44:45 (30042 turns).

nightchill the Severer (Minotaur Berserker)        Turns: 30042, Time: 01:44:45

Health: -7/152     AC: 17    Str: 23    XL:     16   Next: 49%
Magic:  7/7        EV: 21    Int:  7    God:    Trog [****..]
Gold:   2805       SH:  0    Dex: 19    Spells: 15/15 levels left

rFire    + + .     SeeInvis .   M - +1 executioner's axe (antimagic)
rCold    + . .     Gourm    +   (shield currently unavailable)
rNeg     . . .     Faith    .   G - +1 scale mail of the Teacher {*Drain rPois rCorr Dex+6} (curse)
rPois    +         Spirit   .   L - +1 hat {MR+}
rElec    .         Reflect  .   w - scarf {rC+ rF+}
rCorr    +         Harm     .   R - +2 pair of gloves
MR       ++++.                  O - +0 pair of boots
Stlth    ..........             r - amulet of the gourmand
HPRegen  1.35/turn              (no ring)
MPRegen  0.10/turn              n - ring of protection from fire

@: about to teleport, regenerating
A: retaliatory headbutt, horns 2
a: Berserk, Trog's Hand, Brothers in Arms, Renounce Religion


You were on level 1 of the Elven Halls.
You worshipped Trog.
Trog was greatly pleased with you.
You were very full.

You visited 6 branches of the dungeon, and saw 25 of its levels.
You also visited: Bailey.

You collected 3416 gold pieces.
You spent 611 gold pieces at shops.

Inventory:

Hand Weapons
 a - a +0 war axe of flaming
 b - the +9 executioner's axe of Pragmatism {speed, Str+4}
   (Trog gifted it to you on level 5 of the Lair of Beasts)

   Attacks with this weapon are significantly faster.
   It affects your strength (+4).
 h - a +1 vampiric war axe
 M - a +1 antimagic executioner's axe (weapon)
Missiles
 q - 4 tomahawks of returning (quivered)
 H - 5 javelins of penetration
Armour
 f - a scarf of cloud immunity
 w - a scarf of resistance (worn)
 E - a +0 buckler
 G - the cursed +1 scale mail of the Teacher (worn) {*Drain rPois rCorr Dex+6}
   (You found it on level 9 of the Dungeon)

   It affects your dexterity (+6).
   It protects you from poison.
   It provides partial protection from all sources of acid and corrosion.
   It causes draining when unequipped.
   It has a curse placed upon it.
 L - a +1 hat of magic resistance (worn)
 O - a +0 pair of boots (worn)
 P - a +0 shield
 R - a +2 pair of gloves (worn)
Jewellery
 n - a ring of protection from fire (right hand)
 r - an amulet of the gourmand (around neck)
 C - an uncursed ring of resist corrosion
 K - an uncursed ring of protection from cold
Wands
 u - a wand of acid (7)
 x - a wand of iceblast (36)
 y - a wand of polymorph (12)
 J - a wand of disintegration (25)
 U - a wand of digging (18)
 X - a wand of scattershot (6)
Scrolls
 d - 7 scrolls of remove curse
 i - 15 scrolls of teleportation
 k - 3 scrolls of fog
 l - 2 scrolls of fear
 p - 12 scrolls of identify
 t - 2 scrolls of enchant armour
 v - 7 scrolls of blinking
 B - 3 scrolls of magic mapping
 S - 4 scrolls of immolation
 W - 2 scrolls of enchant weapon
Potions
 e - 3 potions of cancellation
 g - 7 potions of curing
 j - a potion of agility
 o - 2 potions of invisibility
 s - 2 potions of haste
 z - 5 potions of heal wounds
 A - 3 potions of resistance
 F - 3 potions of lignification
 I - 2 potions of brilliance
 Q - 2 potions of ambrosia
 T - a potion of flight
 V - a potion of might
 Y - a potion of berserk rage
Miscellaneous
 m - a phantom mirror
 Z - a fan of gales
Comestibles
 c - 38 rations


   Skills:
 + Level 16.3 Fighting
 + Level 18.3 Axes
 - Level 4.0 Throwing
 - Level 14.9 Armour
 - Level 13.9 Dodging
 * Level 5.8 Shields
 - Level 9.3 Evocations


You had 15 spell levels left.
You didn't know any spells.
Your spell library was empty.

Dungeon Overview and Level Annotations

Branches:
Dungeon (13/15)            Temple (0/1) D:5            Lair (5/6) D:8
 Shoals (3/4) Lair:2       Spider (1/4) Lair:4          Orc (2/2) D:12
    Elf (1/3) Orc:2
  Slime: Lair:5-6    Vaults: D:13-14

Altars:
Kikubaaqudgha
Ru
Vehumet
The Shining One
Beogh

Shops:
D:12 !   Orc:1 !   Orc:2 ?}?*[   Shoals:2 *

Annotations:
D:11 1 runed door
Lair:2 exclusion: oklob plant
Shoals:1 exclusion: upstairs
Shoals:3 !kraken


Innate Abilities, Weirdness & Mutations

You reflexively headbutt those who attack you in melee.
You have a pair of horns on your head.


Message History

The Executioner's magic leaks into the air.
Your headbutt misses the Executioner.
The Executioner is lightly wounded.
The Executioner hits you but does no damage. x2
The Executioner hits you.
* * * LOW HITPOINT WARNING * * *
The Executioner misses you. x2
The Executioner hits you but does no damage. x3
The Executioner closely misses you.
As you read the scroll of teleportation, it crumbles to dust.
You feel strangely unstable. The Executioner misses you.
The Executioner hits you.
* * * LOW HITPOINT WARNING * * *
The Executioner misses you. The Executioner closely misses you.
You furiously retaliate!
You headbutt the Executioner, but do no damage.
The Executioner hits you but does no damage. x2
The orc wizard casts a spell.
The orc wizard blinks!
The Executioner hits you!!
You die...

## # 88# 8## .... '.
.....'. ..#..#4
.44.o4e ##
...e1oo#####.#
#.1@)..# ....o3o###.##
.# ....14.##.## #.#
88#88###..## ...
##############...#.##
#..
......)(....###.###)##
#.# ####.###.....#.##
##.##.# #
#.##..(....## ##..# #
#.##...†..## ##.#


You could see 2 Ice Fiends, an orc knight, an Executioner, a sun demon, a
hellwing, a deep elf mage, a chaos spawn, 2 red devils, an orc warrior, an orc
priest and 2 orcs.

Vanquished Creatures
  Rupert (D:13)
  Gastronok (Lair:1)
  Kirke (D:12)
  The ghost of nightchill the Cruncher, a journeyman DrFE of Okawaru (Lair:5)
  A stone giant (Orc:2)
  An entropy weaver (Spider:1)
  A merfolk javelineer (Shoals:2)
  An ettin (Orc:2)
  Snorg (Lair:5)
  A merfolk impaler (Shoals:3)
  Erolcha (D:9)
  2 alligator snapping turtles (Shoals:3)
  7 hydras
  4 ogre magi (Orc:2)
  2 merfolk avatars
  4 centaur warriors (D:13)
  12 two-headed ogres
  3 dancing weapons (Elf:1)
  2 satyrs (Shoals:3)
  2 merfolk aquamancers
  A skeletal warrior (D:13)
  2 fire crabs
  12 sea snakes
  An unseen horror (D:11)
  3 deep elf archers
  A lindwurm (Lair:5)
  3 orc knights
  5 ugly things
  8 orc sorcerers (Orc:2)
  13 harpies
  11 deep elf magi
  4 cyclopes
  6 wolf spiders
  6 manticores
  13 fauns
  2 centaur zombies
  3 merfolk sirens
  3 black mambas
  2 water nymphs (Shoals:2)
  Psyche (D:8)
  2 gargoyles
  9 spiny frogs
  4 komodo dragons
  A demonic crawler (Spider:1)
  An efreet (D:13)
  2 rime drakes
  A kobold demonologist (D:13)
  3 tengu conjurers (D:13)
  2 ice devils (Lair:1)
  5 jumping spiders
  16 merfolk
  7 trolls
  A meliai (D:13)
  6 slime creatures (D:13)
  3 wind drakes
  Grinder (D:6)
  3 hornets
  4 blink frogs (Lair:5)
  2 wind drakes (shapeshifter)
  7 dream sheep (Shoals:2)
  10 hippogriffs
  3 snapping turtles
  12 water elementals
  An air elemental (Elf:1)
  4 redbacks (Spider:1)
  5 tarantellas (Spider:1)
  4 wraiths
  Sigmund (D:3)
  2 shadows
  A human (D:8)
  35 yaks
  8 basilisks
  2 fire elementals (Elf:1)
  2 wyverns
  A steam dragon (D:11)
  3 vampire mosquitoes (D:13)
  A hungry ghost (D:12)
  3 hogs (D:12)
  A warg (Orc:2)
  A naga (shapeshifter) (D:13)
  13 water moccasins
  5 porcupines
  3 ice beasts
  4 sky beasts
  22 orc warriors
  A black bear (D:9)
  3 phantoms
  30 wolves
  26 ogres
  9 centaurs
  9 crocodiles
  A big kobold (D:7)
  21 bullfrogs
  4 scorpions
  A wyvern skeleton (D:7)
  A water moccasin skeleton (D:9)
  7 killer bees
  4 howler monkeys
  5 crimson imps
  A quasit (D:8)
  2 bullfrog zombies (D:9)
  4 bullfrog skeletons
  3 jellies
  36 orc wizards
  11 orc priests
  4 centaur skeletons
  6 hounds
  Ijyb (D:4)
  A gnoll shaman (Orc:1)
  3 iguanas
  13 worker ants
  A killer bee zombie (D:7)
  2 ogre zombies (D:9)
  3 hound zombies
  A worker ant zombie (D:9)
  3 gnolls (Orc:1)
  21 adders
  3 shadow imps
  An ooze (D:2)
  4 adder skeletons
  2 worms (D:3)
  6 leopard geckos
  108 orcs
  2 ball pythons
  8 giant cockroaches
  7 goblins
  6 hobgoblins
  12 jackals
  8 kobolds
  7 quokkas
  11 bats
  3 frilled lizards (D:1)
  A quokka skeleton (D:8)
  7 rats
  5 butterflies
  3 fungi (Lair:5)
  7 plants
  A tentacle (Shoals:1)
826 creatures vanquished.

Vanquished Creatures (collateral kills)
  A satyr (Shoals:3)
  3 orb spiders (Spider:1)
  A wolf spider (Spider:1)
  A merfolk siren (Shoals:3)
  A merfolk (Shoals:2)
  2 water elementals (Shoals:3)
9 creatures vanquished.

Vanquished Creatures (others)
  A merfolk aquamancer (Shoals:3)
  An air elemental (Elf:1)
  An orc warrior (Bailey)
  An orc wizard (D:12)
  An orc (D:12)
  4 bushes
  21 fungi
  55 plants
  10 tentacles
95 creatures vanquished.

Grand Total: 930 creatures vanquished

Notes
Turn   | Place    | Note
-------+----------+-------------------------------------------
     0 | D:1      | nightchill the Minotaur Berserker began the quest for the
                  | Orb.
     0 | D:1      | Reached XP level 1. HP: 19/19 MP: 0/0
   145 | D:1      | Reached skill level 4 in Axes
   187 | D:1      | Reached XP level 2. HP: 25/27 MP: 1/1
   823 | D:2      | Reached XP level 3. HP: 33/33 MP: 2/2
   839 | D:2      | Reached ** piety under Trog
   968 | D:2      | Reached skill level 5 in Axes
  1296 | D:2      | Reached XP level 4. HP: 29/41 MP: 3/3
  1852 | D:3      | Noticed a phantom
  1862 | D:3      | Reached skill level 6 in Axes
  1862 | D:3      | Reached XP level 5. HP: 47/47 MP: 4/4
  1874 | D:3      | HP: 2/47 [phantom (9)]
  1895 | D:3      | Reached skill level 5 in Fighting
  2551 | D:3      | Killed a phantom
  2551 | D:3      | Reached skill level 7 in Axes
  2551 | D:3      | Reached XP level 6. HP: 34/56 MP: 5/5
  2931 | D:3      | Found a radiant altar of Vehumet.
  2935 | D:3      | Noticed Sigmund
  2947 | D:3      | Killed Sigmund
  3151 | D:4      | Reached skill level 8 in Axes
  3267 | D:4      | Reached XP level 7. HP: 57/63 MP: 6/6
  3803 | D:4      | Noticed Ijyb
  3810 | D:4      | Killed Ijyb
  4079 | D:4      | Reached skill level 9 in Axes
  4254 | D:5      | Entered Level 5 of the Dungeon
  4282 | D:5      | Found a staircase to the Ecumenical Temple.
  4288 | D:5      | Reached *** piety under Trog
  4796 | D:6      | Reached XP level 8. HP: 69/73 MP: 7/7
  4800 | D:6      | Reached skill level 10 in Axes
  5271 | D:6      | Noticed Grinder
  5275 | D:6      | Killed Grinder
  5684 | D:7      | Noticed a hippogriff
  5699 | D:7      | Killed a hippogriff
  6021 | D:7      | Reached skill level 11 in Axes
  6168 | D:7      | Reached XP level 9. HP: 61/82 MP: 8/8
  6502 | D:7      | Reached **** piety under Trog
  6913 | D:8      | Noticed a two-headed ogre
  6917 | D:8      | Killed a two-headed ogre
  6917 | D:8      | Reached skill level 5 in Armour
  6981 | D:8      | Found a sacrificial altar of Ru.
  7003 | D:8      | Noticed Psyche
  7011 | D:8      | Killed Psyche
  7011 | D:8      | Reached skill level 12 in Axes
  7011 | D:8      | Reached skill level 5 in Dodging
  7080 | D:8      | Noticed a two-headed ogre
  7090 | D:8      | Killed a two-headed ogre
  7090 | D:8      | Reached XP level 10. HP: 91/91 MP: 9/9
  7334 | D:8      | Found a staircase to the Lair.
  8101 | D:9      | Reached skill level 13 in Axes
  8381 | D:9      | Reached skill level 10 in Fighting
  8578 | D:9      | Got a bloodstained shortbow
  8639 | D:9      | Identified the cursed +1 shortbow of Pyreovip {venom,
                  | Fragile Str+3} (You found it on level 9 of the Dungeon)
  8977 | D:9      | Reached skill level 1 in Shields
  9072 | D:9      | Noticed a two-headed ogre
  9072 | D:9      | Noticed a two-headed ogre
  9083 | D:9      | Killed a two-headed ogre
  9086 | D:9      | Killed a two-headed ogre
  9086 | D:9      | Reached XP level 11. HP: 101/101 MP: 10/10
  9088 | D:9      | Noticed a two-headed ogre
  9101 | D:9      | Killed a two-headed ogre
  9192 | D:9      | Noticed a two-headed ogre
  9192 | D:9      | Noticed Erolcha
  9192 | D:9      | Noticed a two-headed ogre
  9211 | D:9      | Killed a two-headed ogre
  9215 | D:9      | Killed Erolcha
  9215 | D:9      | Reached skill level 14 in Axes
  9219 | D:9      | Killed a two-headed ogre
  9230 | D:9      | Noticed a two-headed ogre
  9258 | D:9      | Killed a two-headed ogre
  9425 | D:9      | Got a fine scale mail
  9436 | D:9      | Identified the cursed +1 scale mail of the Teacher {*Drain
                  | rPois rCorr Dex+6} (You found it on level 9 of the Dungeon)
  9612 | Lair:1   | Entered Level 1 of the Lair of Beasts
  9630 | Lair:1   | Noticed a four-headed hydra
  9641 | Lair:1   | Killed a one-headed hydra
  9672 | Lair:1   | Noticed a fire crab
  9684 | Lair:1   | Reached ***** piety under Trog
  9694 | Lair:1   | Killed a fire crab
  9789 | Lair:1   | Reached XP level 12. HP: 101/112 MP: 11/11
  9927 | Lair:1   | Reached skill level 10 in Armour
 10603 | Lair:1   | Got a warped ring mail
 10629 | Lair:1   | Reached skill level 1 in Evocations
 10684 | Lair:1   | Noticed Gastronok
 10695 | Lair:1   | Killed Gastronok
 10695 | Lair:1   | Reached skill level 15 in Axes
 11138 | Lair:2   | Found a staircase to the Shoals.
 11140 | Lair:2   | Noticed a four-headed hydra
 11149 | Lair:2   | Killed a one-headed hydra
 11149 | Lair:2   | Reached skill level 10 in Dodging
 11165 | Lair:2   | Received a gift from Trog
 11553 | Lair:2   | Noticed an eight-headed hydra
 11562 | Lair:2   | Killed a three-headed hydra
 11684 | Lair:2   | Got a twisted leather armour
 11746 | Lair:2   | Received a gift from Trog
 11896 | Lair:2   | Reached XP level 13. HP: 110/122 MP: 14/14
 12793 | Lair:3   | Identified the +4 ring mail of Penapes {+Inv rN+ Int+7
                  | Slay-3} (You found it on level 1 of the Lair of Beasts)
 12796 | Lair:3   | Identified the cursed +1 leather armour of Listlessness
                  | {Int+5 Dex-4} (You found it on level 2 of the Lair of
                  | Beasts)
 14250 | Lair:4   | Found a hole to the Spider Nest.
 14610 | Lair:5   | Noticed Snorg
 14649 | Lair:5   | Killed Snorg
 15013 | Lair:5   | Found a runed door.
 15020 | Lair:5   | Noticed nightchill's ghost (journeyman DrFE)
 15043 | Lair:5   | Killed nightchill's ghost
 15043 | Lair:5   | Reached skill level 5 in Evocations
 15046 | Lair:5   | Received a gift from Trog
 15046 | Lair:5   | Reached skill level 16 in Axes
 15049 | Lair:5   | Got a clouded bronze amulet
 15066 | Lair:5   | Got an iridescent executioner's axe {god gift}
 15082 | Lair:5   | Identified the +9 executioner's axe of Pragmatism {speed,
                  | Str+4} (Trog gifted it to you on level 5 of the Lair of
                  | Beasts)
 15989 | D:10     | Entered Level 10 of the Dungeon
 17126 | D:11     | Found a runed door.
 17139 | D:11     | Found a runed door.
 17170 | D:11     | Identified the amulet "Nukec" {Faith rPois Dex+2 Stlth+}
                  | (You found it on level 5 of the Lair of Beasts)
 17813 | D:12     | Reached skill level 1 in Throwing
 17953 | D:12     | Found a flagged portal.
 17966 | Bailey   | Entered a bailey
 18026 | Bailey   | Received a gift from Trog
 18028 | Bailey   | Reached XP level 14. HP: 54/132 MP: 17/17
 18289 | Bailey   | Got ichor-stained fire dragon scales
 18555 | Bailey   | Identified the cursed +0 fire dragon scales of Teyzash
                  | {rF++ rC- rCorr Stlth+} (You found it in a bailey)
 18707 | D:12     | Received a gift from Trog
 18710 | D:12     | Found Myqomp's Distillery.
 18736 | D:12     | Bought a potion of heal wounds for 60 gold pieces
 18736 | D:12     | Bought a potion of heal wounds for 60 gold pieces
 18736 | D:12     | Bought a potion of heal wounds for 60 gold pieces
 18736 | D:12     | Bought a potion of heal wounds for 60 gold pieces
 18922 | D:12     | Noticed Kirke
 18927 | D:12     | Killed Kirke
 18928 | D:12     | Found a staircase to the Orcish Mines.
 19757 | D:13     | Got a jewelled broad axe
 19758 | D:13     | Identified the +7 broad axe of Biasefol {chaos, Int+3} (You
                  | found it on level 13 of the Dungeon)
 19815 | D:13     | Received a gift from Trog
 20950 | D:13     | Noticed Rupert
 20957 | D:13     | Killed Rupert
 21577 | Orc:1    | Entered Level 1 of the Orcish Mines
 21599 | Orc:1    | Reached skill level 17 in Axes
 21800 | Orc:1    | Found Izonolao's Distillery.
 21931 | Orc:2    | Entered Level 2 of the Orcish Mines
 22054 | Orc:2    | Found a staircase to the Elven Halls.
 22099 | Orc:2    | Found Giefak's Assorted Antiques.
 22108 | Orc:2    | Reached XP level 15. HP: 139/139 MP: 19/19
 22116 | Orc:2    | Bought a white potion for 25 gold pieces
 22116 | Orc:2    | Bought a scroll labeled POL VI OS QUEH for 28 gold pieces
 22214 | Orc:1    | Received a gift from Trog
 22826 | Orc:2    | Reached skill level 15 in Fighting
 22938 | Orc:2    | Found Eguewask's Gadget Shoppe.
 22969 | Orc:2    | Found a radiant altar of Vehumet.
 22970 | Orc:2    | Paralysed by an ogre mage for 6 turns
 22988 | Orc:2    | Found Wimuecrirea's Magic Scroll Shoppe.
 23010 | Orc:2    | Found an ancient bone altar of Kikubaaqudgha.
 23040 | Orc:2    | Found Onuxu's Magic Scroll Emporium.
 23050 | Orc:2    | Bought a scroll of magic mapping for 59 gold pieces
 23050 | Orc:2    | Bought a scroll of teleportation for 51 gold pieces
 23088 | Orc:2    | Found a roughly hewn altar of Beogh.
 23104 | Orc:2    | Found Camucob's Antique Armour Emporium.
 23114 | Orc:2    | Bought a glowing scarf for 208 gold pieces
 23652 | Spider:1 | Entered Level 1 of the Spider Nest
 23660 | Spider:1 | Received a gift from Trog
 24066 | Shoals:1 | Entered Level 1 of the Shoals
 24072 | Shoals:1 | Received a gift from Trog
 24783 | Shoals:1 | Found a glowing golden altar of the Shining One.
 24788 | Shoals:1 | Noticed a kraken
 25975 | Shoals:2 | Found Haross's General Store.
 26359 | Shoals:2 | Received a gift from Trog
 27248 | Shoals:3 | Reached XP level 16. HP: 121/151 MP: 21/21
 27798 | Shoals:3 | Reached skill level 18 in Axes
 29155 | Shoals:3 | Noticed a kraken
 29402 | Elf:1    | Entered Level 1 of the Elven Halls
 29643 | Elf:1    | Reached skill level 5 in Shields
 30035 | Elf:1    | Noticed an Ice Fiend
 30036 | Elf:1    | Noticed an Ice Fiend
 30037 | Elf:1    | Noticed an Executioner
 30042 | Elf:1    | Mangled by an Executioner

Skill      XL: |  1  2  3  4  5  6  7  8  9 10 11 12 13 14 15 16 |
---------------+-------------------------------------------------+-----
Axes           | 4 5 6 7 8 9 11 12 13 14 15 16 17 18 | 18.3
Fighting       | 4 5 6 7 8 9 10 11 13 14 15 16 | 16.3
Armour         | 4 6 8 9 11 12 13 14 | 14.9
Dodging        | 3 5 7 9 10 11 12 13 | 13.9
Shields        | 3 4 5 |  5.8
Evocations     | 3 5 7 8 9 |  9.3
Throwing       | 1 4 |  4.0

Action                   |  1- 3 |  4- 6 |  7- 9 | 10-12 | 13-15 | 16-18 || total
-------------------------+-------+-------+-------+-------+-------+-------++-------
Melee: Hand axe          |    66 |    16 |       |       |       |       ||    82
       Headbutt          |    15 |    13 |    34 |   142 |   291 |    44 ||   539
       War axe           |       |    55 |   186 |   528 |   187 |       ||   956
       Executioner's axe |       |       |       |       |   836 |   187 ||  1023
Throw: Tomahawk          |       |       |       |       |    13 |       ||    13
Invok: Berserk           |     1 |     3 |     5 |     8 |     3 |     2 ||    22
       Trog's Hand       |       |     3 |     1 |     2 |    28 |    12 ||    46
       Brothers in Arms  |       |       |       |       |     2 |     1 ||     3
Evoke: Wand              |       |       |       |       |     1 |     2 ||     3
  Use: Scroll            |       |     9 |     6 |     7 |    21 |     1 ||    44
       Potion            |       |       |       |       |     2 |     1 ||     3
  Eat: Chunk             |     2 |     9 |    28 |    30 |    62 |    15 ||   146
Armor: Animal skin       |     9 |     7 |       |       |       |       ||    16
       Ring mail         |       |     2 |    48 |    41 |       |       ||    91
       Chain mail        |       |       |       |    47 |       |       ||    47
       Scale mail        |       |       |       |    74 |   282 |    56 ||   412
Dodge: Dodged            |    34 |    47 |    81 |   293 |   706 |   177 ||  1338
Block: Buckler           |       |       |       |    61 |    31 |       ||    92
